 Dungeon Crawl Stone Soup version 0.21.1-1-g345015f (webtiles) character file.

44 Iko the Bolt Thrower (level 3, 0/24 HPs)
             Began as a Halfling Hunter on June 19, 2018.
             Was an Initiate of Trog.
             Succumbed to an adder's poison
             ... on level 2 of the Dungeon.
             The game lasted 00:05:03 (507 turns).

Iko the Bolt Thrower (Halfling Hunter)               Turns: 507, Time: 00:05:03

Health: 0/24       AC:  8    Str: 13    XL:     3   Next: 85%
Magic:  12/12      EV:  8    Int: 10    God:    Trog [......]
Gold:   26         SH:  0    Dex: 14    Spells: 2/2 levels left

rFire    . . .     SeeInvis .   j - +0 rapier
rCold    . . .     Gourm    .   (shield restricted)
rNeg     . . .     Faith    .   b - +0 chain mail
rPois    .         Spirit   .   (no helmet)
rElec    .         Reflect  .   (no cloak)
rCorr    .         Harm     .   (no gloves)
MR       .....                  (no boots)
Stlth    ..........             (no amulet)
HPRegen  0.08/turn              g - ring of magical power
MPRegen  0.13/turn              (no ring)

@: lethally poisoned (0 -> -8)
A: small, mutation resistance 1
a: Burn Spellbooks, Renounce Religion


You were on level 2 of the Dungeon.
You worshipped Trog.
Trog was noncommittal.
You were not hungry.

You visited 1 branch of the dungeon, and saw 2 of its levels.

You collected 26 gold pieces.

Inventory:

Hand Weapons
 a - a +2 hand crossbow
 c - a +0 short sword of electrocution
 j - a +0 rapier (weapon)
Missiles
 d - 17 bolts
Armour
 b - a +0 chain mail (worn)
Jewellery
 g - a ring of magical power (left hand)
Potions
 i - a potion of might
Comestibles
 f - 2 rations


   Skills:
 + Level 2.1 Fighting
 + Level 0.2 Short Blades
   Level 0.1 Maces & Flails
 + Level 5.0 Crossbows
 + Level 1.2 Armour
 + Level 2.6 Dodging
 + Level 1.1 Stealth


You had 2 spell levels left.
You didn't know any spells.

Dungeon Overview and Level Annotations

Branches:
Dungeon (2/15)

Altars:
Trog


Innate Abilities, Weirdness & Mutations

You are small and have problems with some larger weapons.
You are somewhat resistant to further mutation.


Message History

* * * LOW HITPOINT WARNING * * *
You feel sick. The adder bites you.
* * * LOW HITPOINT WARNING * * *
The adder closely misses you.
You hit the adder.
The adder is moderately wounded.
* * * LOW HITPOINT WARNING * * *
You feel sick. The adder bites you but does no damage.
Your chain mail prevents you from hitting the adder.
The adder is moderately wounded.
* * * LOW HITPOINT WARNING * * *
You feel sick. The adder completely misses you.
The adder bites you but does no damage.
Your chain mail prevents you from hitting the adder.
The adder is moderately wounded.
* * * LOW HITPOINT WARNING * * *
You feel sick. The adder bites you but does no damage.
You hit the adder.
The adder is moderately wounded.
You die...

....... ....... .......
....... ....?.. #######
.......
###########.....##b......
................@SS......
...)...####.....###.#####
.....(.# #.....# #
.......# #.....# .......#
#.....# .......# #.....#
.......# #######
.......#### ...........


You could see 2 adders and a bat.

Vanquished Creatures
  An adder (D:2)
  2 oozes (D:1)
  A worm (D:2)
  2 dart slugs (D:1)
  A ball python (D:1)
  3 bats (D:1)
  2 goblins (D:1)
  3 hobgoblins (D:1)
  3 frilled lizards
  2 kobolds (D:1)
  A rat (D:2)
21 creatures vanquished.

Notes
Turn   | Place    | Note
-------+----------+-------------------------------------------
     0 | D:1      | Iko the Halfling Hunter began the quest for the Orb.
     0 | D:1      | Reached XP level 1. HP: 14/14 MP: 1/1
   103 | D:1      | Reached XP level 2. HP: 9/19 MP: 2/2
   228 | D:1      | Reached skill level 5 in Crossbows
   243 | D:1      | Reached XP level 3. HP: 22/24 MP: 3/3
   372 | D:2      | Reached skill level 1 in Armour
   383 | D:2      | Found a bloodstained altar of Trog.
   426 | D:2      | Became a worshipper of Trog the Wrathful
   506 | D:2      | HP: 1/24 [poisoned by an adder]
   507 | D:2      | Succumbed to an adder's poison

Skill      XL: |  1  2  3 |
---------------+----------+-----
Crossbows      | 5 |  5.0
Fighting       | 2 |  2.1
Armour         | 1 |  1.2
Short Blades   | |  0.2
Maces & Flails | |  0.1
Dodging        | |  2.6
Stealth        | |  1.1

Action                   || total
-------------------------++-------
Melee: Short sword       ||    25
       Mace              ||    29
       Rapier            ||    18
 Fire: Hand crossbow     ||    17
  Use: Scroll            ||     7
       Potion            ||     2
Armor: Leather armour    ||    20
       Chain mail        ||    12
Dodge: Dodged            ||    82
